Map: Abiogenesis LE

Players

Pyloss

  • Race: Protoss Protoss
  • Spawn Location: 11:00

Cyan - Winner!

  • Race: Protoss Protoss
  • Spawn Location: 5:00

Event: WCS Leipzig 2018

VOD

Have the link to the VOD?

Description

Time

  • Played on: Jan. 26, 2018, 6:37 a.m.
  • Length: 9:29

All games in this series

Show
View Real Time Build Order
Export as new Build Order

Pyloss Protoss 

Build Orders:  

Get SALT Encoding   

  12  0:00  Probe  
  13  0:12  Probe  
  14  0:17  Pylon  
  14  0:25  Probe (Chrono Boost)  
  15  0:37  Probe (Chrono Boost)  
  15  0:38  Gateway  
  16  0:43  Probe (Chrono Boost)  
  16  0:47  Assimilator  
  17  0:51  Probe  
  18  0:57  Assimilator  
  18  1:03  Probe  
  19  1:10  Gateway  
  19  1:15  Probe (Chrono Boost)  
  20  1:27  Probe (Chrono Boost), Cybernetics Core  
  21  1:32  Probe (Chrono Boost)  
  22  1:42  Probe  
  22  1:44  Pylon  
  23  2:04  Stalker x2  
  27  2:12  Pylon  
  27  2:20  Warp Gate  
  27  2:23  Probe  
  28  2:34  Stalker x2  
  32  2:51  Robotics Facility  
  32  3:01  Pylon  
  32  3:22  Stalker  
  32  3:26  Gateway  
  34  3:27  Pylon  
  34  3:30  Stalker  
  36  3:48  Immortal (Chrono Boost)  
  40  4:18  Immortal (Chrono Boost)  
  40  4:23  Pylon  
  44  4:24  Stalker  
  46  4:44  Stalker x2  
  50  4:48  Stalker  
  52  4:59  Pylon  
  52  5:00  Pylon  
  52  5:12  Probe  
  52  5:13  Stalker  
  52  5:14  Stalker  
  46  5:25  Probe (Chrono Boost)  
  43  5:33  Sentry  
  44  5:50  Probe  
  45  6:03  Probe (Chrono Boost)  
  41  6:15  Probe (Chrono Boost)  
  40  6:22  Sentry x3  
  40  6:23  Probe (Chrono Boost)  
  47  6:29  Probe  
  48  6:41  Probe  
  48  6:43  Pylon  
  49  6:53  Probe  
  46  7:05  Stalker, Zealot  
  41  7:38  Pylon  
  41  7:42  Sentry  
  43  7:46  Probe (Chrono Boost)  
  44  7:58  Probe (Chrono Boost)  
  45  8:04  Probe (Chrono Boost)  
  46  8:12  Probe  
  39  8:27  Stalker  
  39  8:28  Stalker, Zealot  
Show
View Real Time Build Order
Export as new Build Order

Cyan Protoss - Winner!

Build Orders: Blink Stalkers 

Get SALT Encoding   

  12  0:00  Probe  
  13  0:12  Probe  
  14  0:18  Pylon  
  14  0:25  Probe (Chrono Boost)  
  15  0:37  Probe (Chrono Boost), Gateway  
  16  0:45  Probe (Chrono Boost)  
  16  0:48  Assimilator  
  17  0:51  Probe (Chrono Boost)  
  17  0:55  Assimilator  
  18  1:03  Probe (Chrono Boost)  
  19  1:11  Probe (Chrono Boost)  
  20  1:13  Gateway  
  20  1:17  Probe  
  21  1:25  Cybernetics Core  
  21  1:29  Probe  
  22  1:36  Pylon  
  22  1:43  Probe  
  23  1:55  Probe  
  23  2:00  Warp Gate (Chrono Boost)  
  24  2:03  Adept x2  
  28  2:11  Pylon  
  28  2:30  Stalker x2, Pylon  
  28  2:36  Shield Battery  
  32  2:51  Twilight Council  
  32  2:54  Probe  
  33  3:00  Stalker x2  
  35  3:20  Gateway  
  35  3:22  Blink (Chrono Boost)  
  35  3:30  Stalker  
  37  3:35  Stalker  
  37  3:53  Pylon  
  37  3:59  Shield Battery  
  37  4:02  Robotics Facility  
  37  4:12  Sentry  
  37  4:14  Stalker  
  40  4:22  Stalker  
  42  4:28  Pylon  
  42  4:40  Adept  
  42  4:41  Adept  
  46  4:49  Observer  
  47  4:54  Stalker  
  47  4:59  Probe  
  50  5:08  Shield Battery  
  50  5:10  Pylon  
  46  5:22  Stalker  
  44  5:29  Immortal (Chrono Boost)  
  48  5:37  Adept  
  50  5:45  Shield Battery  
  50  5:52  Stalker  
  52  6:09  Immortal  
  54  6:18  Pylon  
  52  6:24  Stalker  
  54  6:38  Stalker  
  56  6:42  Stalker  
  58  6:58  Warp Prism  
  56  7:41  Nexus, Immortal (Chrono Boost)  
  60  7:48  Pylon  
  60  7:52  Sentry  
  62  8:02  Pylon  
  62  8:14  Immortal (Chrono Boost)  
  62  8:19  Sentry  
  64  8:20  Sentry  
  64  8:26  Sentry  
  68  8:38  Observer  
  68  8:51  Immortal (Chrono Boost)  
  72  8:57  Shield Battery  
  72  8:58  Stalker  
  70  9:06  Stalker  
  62  9:17  Stalker  
Tags
 
Add a new tag
Caveats
  • Supply blocks, unpowered buildings, or Contaminate may cause inaccurate times.
  • Supply counts are checked every 10 seconds.